 Dungeon Crawl Stone Soup version 0.21.1-1-g345015f (webtiles) character file.

282 Oravi the Insei (level 6, 0/43 HPs)
             Began as a Merfolk Transmuter on Apr 9, 2018.
             Slain by an ogre
             ... wielding a +0 giant spiked club
              (29 damage)
             ... on level 4 of the Dungeon.
             The game lasted 00:13:55 (3430 turns).

Oravi the Insei (Merfolk Transmuter)                Turns: 3430, Time: 00:13:55

Health: 0/43       AC:  2    Str: 10    XL:     6   Next: 28%
Magic:  6/9        EV: 23    Int: 15    God:
Gold:   194        SH:  0    Dex: 22    Spells: 3/9 levels left

rFire    . . .     SeeInvis .     - Unarmed
rCold    + . .     Gourm    .   (shield currently unavailable)
rNeg     . . .     Faith    .   (armour currently unavailable)
rPois    x         Spirit   .   (helmet currently unavailable)
rElec    .         Reflect  .   (cloak currently unavailable)
rCorr    .         Harm     .   (gloves currently unavailable)
MR       .....                  (boots currently unavailable)
Stlth    ++........             (no amulet)
HPRegen  0.14/turn              j - +3 ring of dexterity
MPRegen  0.11/turn              g - ring of protection from cold

@: spider-form
A: tiny, (change form in water), (swift swim), (stealthy swim)
a: End Transformation


You were on level 4 of the Dungeon.
You were hungry.
You were a venomous arachnid creature.
You visited 1 branch of the dungeon, and saw 4 of its levels.

You collected 194 gold pieces.

Inventory:

Missiles
 a - 32 arrows
Armour
 b - a +1 robe
 k - a cursed +0 robe (melded)
Magical Staves
 q - an uncursed staff of power (melded)
Jewellery
 e - an uncursed ring of protection from fire
 g - a ring of protection from cold (right front leg)
 j - a +3 ring of dexterity (left front leg)
 o - an uncursed ring of stealth
Wands
 m - a wand of iceblast (10)
Scrolls
 h - a scroll of identify
 r - a scroll of fear
Potions
 i - a potion of brilliance
 l - a potion of resistance
 n - 2 potions of curing
 p - a potion of lignification
Books
 c - a book of Changes

   Spells                             Type                      Level
   a - Beastly Appendage              Transmutation                1
   b - Sticks to Snakes               Transmutation                2
   c - Spider Form                    Transmutation/Poison         3
   d - Ice Form                       Ice/Transmutation            4
   e - Blade Hands                    Transmutation                5
Comestibles
 d - 11 rations
 f - 5 chunks of flesh


   Skills:
 + Level 1.4 Fighting
 + Level 3.8 Dodging
 + Level 5.4 Unarmed Combat
 - Level 2.0 Spellcasting
 * Level 5.3 Transmutations
 * Level 1.8 Poison Magic


You had 3 spell levels left.
You knew the following spells:

 Your Spells              Type           Power        Failure   Level  Hunger
a - Beastly Appendage     Tmut           ###...       10%         1    #......
b - Sticks to Snakes      Tmut           ###.....     12%         2    ###....
c - Spider Form           Tmut/Pois      ##........   34%         3    ###....


Dungeon Overview and Level Annotations

Branches:
Dungeon (4/15)
 Temple: D:4-7

Altars:
Ashenzari
Hepliaklqana
Sif Muna
Vehumet


Message History

Casting: Spider Form
Confirm with . or Enter, or press ? or * to list all spells.
You turn into a venomous arachnid creature.
Your uncursed staff of power melds into your body.
Your cursed +0 robe melds into your body.
You feel your magic capacity decrease.
You are feeling hungry.
The phantom blinks!
You bite the ogre!
The ogre is moderately wounded.
The ogre barely misses you. The phantom hits you!
You hit the ogre.
The ogre is poisoned.
The ogre is heavily wounded.
Some of the chunks of flesh in your inventory have rotted away.
You hit the ogre.
The ogre looks as sick as possible!
The ogre is heavily wounded.
The phantom hits you.
The ogre hits you with a giant spiked club!!
Ouch! That really hurt!
You die...

#...###.#.###..#
#.### #....###..
#.# ##.#...###
##(# #.###..##
#..# #.# ##.##
##..# #.# #.##
#...# #.# #..#
#W#.# #.## ##..
#s#.# #..# ###.
#O#.#
####.###... #
#s..#
#........#.
#####.##.###
#.##.......
...........# #
#.......
............#
#.......
.............#
########
................
#
...............#
..


You could see a phantom, an ogre and a scorpion.

Vanquished Creatures
  An orc priest (D:4)
  A hound (D:2)
  2 orc wizards (D:4)
  8 adders
  An adder skeleton (D:4)
  A worm (D:3)
  3 dart slugs
  3 leopard geckos (D:4)
  10 orcs
  5 bats
  3 giant cockroaches
  2 goblins (D:1)
  8 hobgoblins
  16 jackals
  3 quokkas
  A ball python (D:2)
  3 frilled lizards
  A jackal skeleton (D:4)
  4 kobolds
  2 leopard gecko skeletons (D:4)
  3 rats
81 creatures vanquished.

Notes
Turn   | Place    | Note
-------+----------+-------------------------------------------
     0 | D:1      | Oravi the Merfolk Transmuter began the quest for the Orb.
     0 | D:1      | Reached XP level 1. HP: 15/15 MP: 3/3
    60 | D:1      | Reached XP level 2. HP: 18/21 MP: 3/5
   685 | D:1      | Reached XP level 3. HP: 19/26 MP: 6/6
  1196 | D:2      | Learned a level 2 spell: Sticks to Snakes
  1200 | D:2      | Learned a level 3 spell: Spider Form
  1246 | D:2      | Reached XP level 4. HP: 30/32 MP: 0/7
  1366 | D:2      | Found a deep blue altar of Sif Muna.
  2187 | D:3      | Reached skill level 1 in Poison Magic
  2187 | D:3      | Reached XP level 5. HP: 34/37 MP: 4/8
  2775 | D:3      | Found a hazy altar of Hepliaklqana.
  2781 | D:3      | Found a radiant altar of Vehumet.
  2797 | D:3      | Found a shattered altar of Ashenzari.
  2993 | D:4      | Reached skill level 5 in Unarmed Combat
  2998 | D:4      | Reached skill level 5 in Transmutations
  3179 | D:4      | Reached XP level 6. HP: 43/43 MP: 9/9
  3398 | D:4      | Noticed a phantom
  3430 | D:4      | Slain by an ogre

Skill      XL: |  1  2  3  4  5 |
---------------+----------------+-----
Dodging        | 3 |  3.8
Transmutations | 3 4 5 |  5.3
Unarmed Combat | 4 5 |  5.4
Poison Magic   | 1 |  1.8
Fighting       | |  1.4
Spellcasting   | |  2.0

Action                   |  1- 3 |  4- 6 || total
-------------------------+-------+-------++-------
Melee: Unarmed           |   112 |   130 ||   242
       Headbutt          |     9 |     6 ||    15
       Punch             |     2 |     1 ||     3
       Staff             |       |     9 ||     9
 Cast: Beastly Appendage |    15 |    12 ||    27
       Spider Form       |     2 |    16 ||    18
  Use: Scroll            |     5 |     9 ||    14
 Stab: Sleeping          |       |     2 ||     2
  Eat: Chunk             |     2 |     9 ||    11
Armor: Robe              |    28 |    14 ||    42
       Skin              |       |     1 ||     1
Dodge: Dodged            |    76 |   121 ||   197
